 Dungeon Crawl Stone Soup version 0.31-a0-986-g5e6e4ef867 (webtiles) character file.

Game seed: 6627870771404378040

7 gelatine the Trooper (level 1, -12/18 HPs)
             Began as a Demonspawn Fighter on Nov 17, 2023.
             Mangled by a goblin
             ... wielding a +1 dagger of electrocution
              (20 damage)
             ... on level 1 of the Dungeon.
             The game lasted 00:01:01 (265 turns).

gelatine the Trooper (Demonspawn Fighter)            Turns: 265, Time: 00:01:01

Health: -12/18     AC:  7    Str: 16    XL:     1   Next: 83%
Magic:  1/1        EV:  8    Int:  9    God:
Gold:   12         SH:  4    Dex: 12    Spells: 0/0 levels left

rFire   . . .        a - +0 war axe
rCold   . . .        c - +0 buckler
rNeg    . . .        b - +0 scale mail
rPois   +            (no helmet)
rElec   .            (no cloak)
rCorr   .            f - +0 pair of gloves
SInv    .            (no boots)
Will    .....        (no amulet) Stlth
                     e - ring of poison resistance
HPRegen 0.23/turn    (no ring)
MPRegen 0.07/turn

%: no passive effects
@: no status effects
A: no striking features
a: no special abilities


You were on level 1 of the Dungeon.
You visited 1 branch of the dungeon, and saw 1 of its levels.

You collected 12 gold pieces.

Inventory:

Hand Weapons
 a - a +0 war axe (weapon)
Armour
 b - a +0 scale mail (worn)
 c - a +0 buckler (worn)
 f - a +0 pair of gloves (worn)
Jewellery
 e - a ring of poison resistance (left hand)
Potions
 d - a potion of might


   Skills:
 + Level 3.0 Fighting
 + Level 1.8 Axes
 + Level 2.9 Armour
 + Level 2.9 Shields


You couldn't memorise any spells.
You didn't know any spells.
Your spell library contained the following spells:

 Spells                   Type           Power      Damage    Failure   Level
 Gell's Gravitas          Tloc           0%         N/A       99%         3
 Teleport Other           Tloc           0%         N/A       99%         3
 Dispersal                Tloc           0%         N/A       100%        6


Dungeon Overview and Level Annotations

Branches:
Dungeon (1/15)

Altars:


Message History

You kill the bat!
No target in view!
No target in view!
A goblin comes into view. It is wielding a +0 club.
The goblin shouts!
The goblin moves out of view.
The goblin hits you but does no damage.
You closely miss the goblin. The goblin hits you with a +0 club.
You closely miss the goblin. You block the goblin's attack.
The goblin barely misses you.
You closely miss the goblin. The goblin barely misses you.
You slash the goblin!
You kill the goblin!
No target in view!
A rat comes into view.
The rat moves out of view.
A rat is nearby!
You closely miss the rat. The rat bites you but does no damage.
You barely miss the rat. The rat closely misses you.
The rat completely misses you.
You hit the rat.
You kill the rat!
No target in view!
Found a faded altar of an unknown god.
As you open the door, it creaks loudly!
A goblin comes into view.
It is wielding a +1 dagger of electrocution.
The goblin shouts!
A bat comes into view.
Found 7 gold pieces.
The goblin hits you but does no damage.
You are electrocuted!
Ouch! That really hurt!
There is an open door here.
You are too injured to fight recklessly!
You are too injured to fight recklessly!
You are too injured to fight recklessly!
You are too injured to fight recklessly!
You closely miss the goblin. The bat closely misses you.
The goblin hits you but does no damage.
You are electrocuted!!
Ouch! That really hurt!
You die...

##.###.## #.##.# #. ##.#..##
##.......## #..#.###.
####....####.........####........
...........+.........+.......####
#####...####.........####....#
#....## #.......# ##.#.# #.####
#$....# ###.# #.# #.gb# #.# #.#
#@######## #.# #.# #........# #.#
# #.# #.######.# #.# # #.#
##.######.####.# # #.#
##...#..........# #
#.##########......###.###### #
#.##........#...#.# #.# #
#.##.######.##.##.###.# #
#........##.##........#


You could see a goblin and a bat.

Vanquished Creatures
  2 goblins (D:1)
  A ball python (D:1)
  2 bats (D:1)
  A frilled lizard (D:1)
  2 rats (D:1)
8 creatures vanquished.

Notes
Turn   | Place    | Note
-------+----------+-------------------------------------------
     0 | D:1      | gelatine the Demonspawn Fighter began the quest for the
                  | Orb.
     0 | D:1      | Reached XP level 1. HP: 18/18 MP: 1/1
   249 | D:1      | Found a faded altar of an unknown god.
   265 | D:1      | Mangled by a goblin

Illustrated notes

Levels and vault maps discovered:
D:1:      dpeg_arrival_pits, layout_loops_corners,
          chequers_ecumenical_altar_island

Action                     || total
---------------------------++-------
  Melee: War axe           ||    21
 Armour: Scale mail        ||    12
  Dodge: Dodged            ||    12
  Block: Buckler           ||     6

Table legend: (Time is in decaauts)
 A = Elapsed time spent in this place.
 B = Non-inter-level travel time spent in this place.
 C = Inter-level travel time spent in this place.
 D = Time resting spent in this place.
 E = Time spent auto-exploring this place.
 F = Levels seen in this place.
 G = Mean time per level.
                   A        B        C        D        E       F      G
               +--------+--------+--------+--------+--------+-----+--------+
         Total |    273 |    265 |      8 |      0 |    199 |   1 |  273.0 |
       Dungeon |    273 |    265 |      8 |      0 |    199 |   1 |  273.0 |
               +--------+--------+--------+--------+--------+-----+--------+

Top non-repeatable levels by time:
     D:1: 273 daAuts
